AoeStats
← SershMo

QS Arena

503282368Analyzed
4v4 RM · 1mo ago on Aug 31, 2026· 21m 24s· 8 players
Game mode
Random Map
Map size
Large (8 player)
Population
200
Speed
Normal
Resources
Standard
Victory
Conquest
Starting age
Dark Age
Ending age
Imperial Age
RankedLock teamsTeams togetherTeam positionsShared explorationLock speedFull tech treeHidden civsTurbo modeCheats
Victory
Defeat
🇨🇴 Bohemians · Colombia
1273
+15
🇨🇴 Malay · Colombia
1176
+19
🇨🇴 Vikings · Colombia
1174
+19
🇺🇸 Burgundians · United States
1163
+20
🇨🇴 Britons · Colombia
1267
-19
🇨🇴 Maya · Colombia
1265
-19
🇨🇴 Italians · Colombia
1259
-19
🇨🇴 Persians · Colombia
1216
-17
madhatter
3:34 Double-Bit Axe
5:18 Wheelbarrow
7:24 Feudal Age
7:30 Horse Collar
8:36 Hand Cart
8:33 Bow Saw
8:30 Heavy Plow
13:11 Gold Mining
15:26 Gold Shaft Mining
20:02 Castle Age
18:33 Stone Mining
19:51 Stone Shaft Mining
22:06 Two-Man Saw
Logan
9:14 Feudal Age
10:35 Wheelbarrow
13:46 Castle Age
13:37 Horse Collar
13:44 Double-Bit Axe
14:59 Bow Saw
14:51 Heavy Plow
Saul carvajal 9
7:40 Feudal Age
9:08 Loom
13:53 Castle Age
12:02 Double-Bit Axe
12:14 Horse Collar
Urahara
9:21 Feudal Age
13:53 Castle Age
11:51 Double-Bit Axe
12:35 Stone Mining
12:42 Gold Mining
17:38 Fletching
17:50 Scale Mail Armor
SershMo
9:06 Feudal Age
13:26 Castle Age
11:40 Double-Bit Axe
11:58 Horse Collar
13:58 Wheelbarrow
20:09 Gold Mining
20:43 Scale Barding Armor
Almesax
7:32 Feudal Age
11:42 Castle Age
9:33 Double-Bit Axe
12:34 Bow Saw
13:30 Horse Collar
15:33 Heavy Plow
22:42 Imperial Age
Elfelo
7:30 Feudal Age
14:36 Castle Age
13:58 Double-Bit Axe
13:55 Horse Collar
14:07 Gold Mining
14:14 Stone Mining
15:36 Fletching
18:04 Bow Saw
20:20 Bodkin Arrow
20:26 Padded Archer Armor
Nomad
7:44 Feudal Age
13:10 Castle Age
11:47 Double-Bit Axe
12:22 Horse Collar
12:50 Loom
19:25 Eagle Warrior
21:00 Forging
21:28 Squires
Connection lost

Rejoining the realm…

Still unreachable

The connection could not be restored.

Session expired

The server has moved on; the page needs a fresh start.